[Event "BL 2016-17"]
[Site "St. Veit/Glan"]
[Date "2017.03.23"]
[Round "5"]
[White "Halvax, Georg"]
[Black "Dornauer, Joachim"]
[Result "1-0"]
[ECO "B90"]
[WhiteElo "2429"]
[BlackElo "2181"]
[Annotator "ChessBase"]
[PlyCount "73"]
[EventDate "2017.??.??"]
[EventType "team-tourn"]
[EventCountry "AUT"]
[SourceTitle "playchess.com"]
[Source "ChessBase"]
[SourceQuality "1"]
[WhiteTeam "Maria Saal"]
[BlackTeam "St. Valentin"]
[TimeControl "40/5400+30:1800+30"]

1. e4 c5 2. Nf3 d6 3. d4 cxd4 4. Nxd4 Nf6 5. Nc3 a6 6. Be3 e5 7. Nb3 Be7 8. Qd2 Be6 9. O-O-O O-O 10. f4 b5 11. f5 Bc4 12. Kb1 Nbd7 13. h3 Nb6 14. g4 Bxf1 15. Rhxf1 b4 16. Nd5 Nfxd5 17. exd5 Nc4 18. Qd3 Nxe3 19. Qxe3 Bg5 20. Qe4 a5 21. Nd2 Bxd2 22. Rxd2 f6 23. h4 Rc8 24. Rg2 Qc7 25. b3 Qf7 26. g5 Rc5 27. g6 hxg6 28. Rxg6 Qxd5 29. Qg4 Rf7 30. Rd1 Qc6 31. Rg1 Qd7 32. h5 Rc7 33. h6 Qc6 34. Qe2 d5 35. Qh2 d4 36. hxg7 Rxg7 37. Rh1 1-0

[Event "BL 2016-17"]
[Site "St. Veit/Glan"]
[Date "2017.03.23"]
[Round "5"]
[White "Tober, Gerhard"]
[Black "Kreisl, Robert"]
[Result "0-1"]
[ECO "B13"]
[WhiteElo "2260"]
[BlackElo "2426"]
[Annotator "NA"]
[PlyCount "74"]
[EventDate "2017.??.??"]
[EventType "team-tourn"]
[EventCountry "AUT"]
[SourceTitle "playchess.com"]
[Source "ChessBase"]
[SourceQuality "1"]
[WhiteTeam "St. Valentin"]
[BlackTeam "Maria Saal"]
[TimeControl "40/5400+30:1800+30"]

1. e4 c6 2. d4 d5 3. exd5 cxd5 4. Bd3 Nc6 5. c3 Qc7 6. Ne2 Bg4 7. h3 {[%emt 0:00:51] B13: Caro-Kann: Exchange Variation and Panov-Botvinnik Attack} (7. O-O e6 8. Qe1 Bxe2 9. Qxe2 Nf6 10. Nd2 Bd6 11. g3 O-O 12. f4 Rae8 13. Nf3 Nd7 14. Bd2 f5 {1-0 (34) Yu,Y (2729)-Dreev,A (2652) Doha 2016}) 7... Bh5 8. O-O e6 {[%emt 0:01:22] LiveBook: 3 Games} 9. Bf4 Qxf4 $146 (9... Bd6 10. Bxd6 Qxd6 11. Qd2 Nf6 12. Nf4 Bg6 13. Bxg6 hxg6 14. Nd3 O-O {0-1 (38) Mrksic,B (2223)-Buli,V (2359) Crikvenica 2008}) 10. Nxf4 Bxd1 11. Rxd1 Bd6 12. Ne2 Nge7 13. Nd2 O-O 14. f4 f6 15. Rf1 e5 16. fxe5 fxe5 17. dxe5 Nxe5 18. Bc2 g6 19. Nd4 Bc5 20. N2b3 Bb6 21. a4 a5 22. Rae1 N7c6 23. Re2 Nxd4 $11 24. Nxd4 Nc6 25. Rd2 Rxf1+ 26. Kxf1 Bxd4 27. cxd4 Rf8+ 28. Ke1 Re8+ 29. Kd1 Nb4 30. Rf2 Kg7 31. Kd2 Re6 32. Bb3 Re4 33. Bc2 Rxd4+ 34. Ke3 Rc4 35. Bb3 Re4+ 36. Kf3 Rd4 37. Ke3 Rd3+ {[%emt 0:00:03] Kd4} 0-1